Map: Oxide LE

Players

SpeCial - Winner!

  • Race: Terran Terran

Cham

  • Race: Zerg Zerg

Event: DreamHack SC2 Masters 2021 Fall

VOD

Have the link to the VOD?

Description

Time

  • Played on: July 31, 2021, 5 p.m.
  • Length: 8:42

All games in this series

Show
View Real Time Build Order
Export as new Build Order

SpeCial Terran - Winner!

Build Orders: Gas First Reaper Expand, Banshee Rush 

Get SALT Encoding   

  12  0:00  SCV  
  13  0:12  SCV  
  14  0:16  Supply Depot  
  14  0:24  SCV  
  14  0:27  Refinery  
  15  0:38  SCV  
  16  0:44  Barracks  
  16  0:50  SCV  
  17  1:02  SCV  
  18  1:14  SCV  
  19  1:31  Reaper, Orbital Command  
  20  1:41  Barracks  
  20  1:44  Command Center  
  20  1:55  Factory  
  20  1:59  SCV  
  21  2:05  Barracks Reactor  
  21  2:11  SCV  
  22  2:16  Supply Depot  
  22  2:24  SCV  
  22  2:25  Refinery  
  23  2:38  SCV  
  24  2:44  Starport  
  24  2:48  Hellion  
  24  2:49  Hellion  
  24  2:50  SCV  
  29  2:54  Barracks Tech Lab  
  29  2:58  Orbital Command  
  29  3:03  SCV  
  30  3:10  Hellion  
  30  3:12  Hellion  
  34  3:16  SCV  
  35  3:23  Supply Depot  
  35  3:25  SCV  
  36  3:28  SCV  
  36  3:29  Cloaking Field  
  37  3:34  Banshee  
  37  3:39  SCV  
  37  3:40  SCV  
  42  3:41  Marine  
  42  3:42  Marine  
  42  3:45  Factory Reactor  
  44  3:50  Supply Depot  
  42  3:58  SCV  
  43  4:03  Marine x2  
  43  4:08  SCV  
  39  4:10  SCV  
  39  4:14  Command Center  
  40  4:18  Supply Depot  
  40  4:20  Banshee  
  40  4:24  SCV x2  
  45  4:36  SCV x2, Barracks Tech Lab  
  45  4:37  Barracks  
  47  4:40  Barracks  
  47  4:41  Factory Reactor  
  47  4:48  SCV x2  
  49  4:55  Marine  
  49  4:57  Stimpack  
  50  5:00  SCV x2  
  52  5:12  SCV x2  
  52  5:13  Marine  
  55  5:18  Engineering Bay  
  55  5:20  Engineering Bay  
  55  5:24  Refinery, SCV x2, Factory Reactor  
  55  5:25  Marine x2  
  55  5:26  Marine  
  55  5:27  Marine, Orbital Command  
  61  5:29  Medivac  
  61  5:30  Medivac  
  61  5:31  Marine  
  66  5:39  Refinery, SCV x2  
  68  5:42  Marine  
  68  5:44  Marine x3  
  68  5:49  Marine  
  73  5:52  Orbital Command  
  73  5:57  Terran Infantry Armor Level 1, Terran Infantry Weapons Level 1  
  73  6:00  Marine, SCV x2  
  76  6:04  Marine x2, Supply Depot  
  76  6:06  Marine  
  76  6:07  Marine  
  80  6:11  Barracks  
  80  6:12  Barracks  
  80  6:13  SCV x2  
  80  6:14  Supply Depot  
  80  6:18  Marine  
  82  6:19  SCV  
  82  6:22  Marine  
  85  6:26  Marine x3  
  85  6:27  Widow Mine x2  
  92  6:35  Medivac x2  
  92  6:36  Combat Shield  
  92  6:37  SCV  
  92  6:39  SCV  
  98  6:45  Marine x3  
  101  6:53  SCV  
  101  6:56  Marine x2, Missile Turret  
  101  6:57  Orbital Command  
  101  6:58  SCV  
  98  7:02  Marine  
  92  7:08  Marine x2  
  92  7:09  Medivac  
  92  7:14  SCV x2  
  93  7:17  Marine, Supply Depot, Missile Turret  
  93  7:20  Barracks Reactor x2  
  89  7:25  SCV  
  89  7:26  SCV  
  89  7:27  Marine  
  89  7:28  Marine x3  
  91  7:30  Missile Turret  
  91  7:31  Medivac  
  91  7:34  Marine, Supply Depot  
  91  7:36  SCV  
  95  7:39  Medivac  
  97  7:45  Marine x3, Armory  
  97  7:49  SCV x2  
  97  7:50  SCV  
  103  7:52  Marine x2  
  103  7:56  Marine  
  103  7:57  Marine x2  
  103  7:58  Marine  
  108  8:03  Marine x2, Factory  
  108  8:06  Widow Mine x2  
  108  8:07  Factory  
  108  8:09  Marine  
  108  8:10  Marine  
  108  8:11  SCV x2  
  108  8:12  Marine  
  117  8:19  Marine x2  
  116  8:23  Marine, SCV  
Show
View Real Time Build Order
Export as new Build Order

Cham Zerg 

Build Orders: Hatch First 

Get SALT Encoding   

  12  0:00  Drone  
  13  0:08  Drone  
  14  0:16  Overlord  
  14  0:35  Drone x2  
  16  0:46  Hatchery  
  15  0:50  Drone  
  15  0:55  Drone  
  17  1:03  Drone  
  18  1:12  Spawning Pool  
  18  1:18  Extractor, Drone  
  17  1:19  Drone  
  18  1:29  Drone  
  19  1:40  Drone  
  20  1:51  Drone  
  21  1:58  Queen x2  
  21  1:59  Zergling x2  
  26  2:01  Zergling x2  
  27  2:13  Drone  
  27  2:15  Overlord  
  28  2:23  Metabolic Boost  
  27  2:38  Drone x4  
  27  2:39  Hatchery  
  30  2:45  Queen  
  32  2:52  Overlord  
  32  2:54  Drone  
  33  2:59  Drone x2  
  33  3:01  Drone  
  36  3:10  Drone x3  
  36  3:11  Drone  
  40  3:14  Drone x2  
  40  3:15  Drone  
  40  3:18  Drone  
  44  3:21  Overlord  
  44  3:32  Extractor x2, Queen  
  46  3:38  Queen  
  46  3:40  Overlord  
  48  3:42  Zergling x6  
  48  3:48  Drone  
  52  3:53  Zergling x4  
  52  3:54  Zergling x2  
  54  3:55  Zergling x2  
  54  3:58  Zergling x2  
  53  4:05  Drone  
  53  4:06  Drone x2  
  56  4:11  Drone x3  
  56  4:14  Drone x3  
  56  4:16  Lair  
  62  4:20  Extractor  
  62  4:23  Drone x2  
  63  4:25  Spore Crawler  
  63  4:29  Spore Crawler x2  
  63  4:30  Drone  
  61  4:35  Drone  
  61  4:36  Drone  
  61  4:37  Drone  
  64  4:46  Overlord  
  64  4:47  Extractor, Drone x2  
  64  4:49  Extractor, Drone  
  64  4:50  Overlord  
  64  4:51  Overlord  
  65  4:58  Overlord  
  65  5:03  Drone  
  65  5:07  Drone  
  65  5:08  Drone  
  65  5:09  Drone x4  
  65  5:10  Drone  
  65  5:11  Drone  
  73  5:17  Drone x2, Spire  
  74  5:21  Drone  
  74  5:22  Extractor, Drone x2  
  74  5:23  Extractor  
  74  5:24  Drone  
  74  5:27  Drone x3  
  79  5:30  Drone x2  
  79  5:33  Drone x2  
  79  5:34  Drone  
  84  5:37  Overlord  
  84  5:48  Overlord  
  84  5:50  Drone x2  
  84  5:52  Baneling Nest, Evolution Chamber  
  84  5:55  Evolution Chamber  
  79  5:59  Drone  
  79  6:00  Drone x3, Overlord  
  79  6:02  Overlord  
  83  6:05  Drone  
  83  6:07  Drone  
  84  6:15  Hatchery  
  84  6:18  Overlord  
  83  6:23  Drone  
  84  6:29  Mutalisk x7  
  98  6:37  Mutalisk x3  
  104  6:49  Mutalisk x3  
  104  6:54  Zergling x2  
  104  6:59  Mutalisk  
  104  7:01  Zergling x14  
  97  7:09  Mutalisk  
  97  7:10  Zergling x2  
  97  7:11  Zergling x2  
  96  7:19  Hatchery  
  96  7:22  Mutalisk x2  
  98  7:33  Drone x3  
  98  7:34  Hatchery  
  98  7:35  Drone x2  
  98  7:36  Drone  
  105  7:55  Drone x2  
  105  7:57  Queen  
  105  8:08  Zergling x10  
  105  8:10  Zergling x6  

Tags
 
Add a new tag
Caveats
  • Supply blocks, unpowered buildings, or Contaminate may cause inaccurate times.
  • Supply counts are checked every 10 seconds.